[Event "Live Chess"]
[Site "Chess.com"]
[Date "2024.06.02"]
[Round "-"]
[White "NAZRIZ1977"]
[Black "AlanBstard10"]
[Result "1-0"]
[WhiteElo "2128"]
[BlackElo "1191"]
[TimeControl "300"]
[EndTime "0:50:34 PDT"]
[Termination "NAZRIZ1977 won by checkmate"]

1. e4 d5 2. exd5 Nf6 3. Nc3 Nxd5 4. Nf3 Nxc3 5. bxc3 Bg4 6. Be2 Nc6 7. O-O e5 8. Rb1 b6 9. Nxe5 Bxe2 10. Qxe2 Nxe5 11. Qxe5+ Be7 12. Re1 f6 13. Qe4 Kf7 14. Qe6+ Ke8 15. Ba3 Rf8 16. Qxe7+ Qxe7 17. Rxe7+ Kd8 18. Rbe1 Rg8 19.
Rf7 Kc8 20. Ree7 c5 21. d4 a5 22. dxc5 bxc5 23. Bxc5 Rb8 24. Rc7+ Kd8 25. g3 Rb1+ 26. Kg2 Re8 27. Ra7 Rb8 28. Rfd7+ Kc8 29. Rac7# 1-0

[Event "Live Chess"]
[Site "Chess.com"]
[Date "2024.06.02"]
[Round "-"]
[White "booktrunk"]
[Black "nyclone"]
[Result "0-1"]
[WhiteElo "1493"]
[BlackElo "1140"]
[TimeControl "300"]
[EndTime "0:50:45 PDT"]
[Termination "nyclone won by checkmate"]

1. d4 e6 2. Nc3 b6 3. Bf4 Bb7 4.
f3 Nf6 5. Nb5 Bd6 6. Nxd6+ cxd6 7. Bxd6 Nc6 8. e3 Ne7 9. Bd3 O-O 10. Qe2 Ne8 11. Bg3 d5 12. Nh3 Nf6 13. Nf4 Ng6 14.
Nxg6 fxg6 15. f4 Ne4 16. Bxe4 dxe4 17. O-O-O Bd5 18. b3 Rc8 19. Be1 Qd6 20. Qb5 Qa3+ 21. Kb1 Qd6 22. Bb4 Qd8 23. Bxf8 Qxf8 24. Rhf1 Qe7 25.
g3 Qb7 26. Rf2 a6 27. Qb4 a5 28. Qa3 Qa6 29. Qb2 b5 30. a3 b4 31. a4 Rc3 32.
Rfd2 Qc6 33. Re1 h5 34. h4 Kf7 35. Ka2 Qxa4+ 36. Kb1 Bxb3 37. Qa1 Bxc2+ 38. Kc1 Qxa1# 0-1

[Event "Live Chess"]
[Site "Chess.com"]
[Date "2024.06.02"]
[Round "-"]
[White "Greenbecker"]
[Black "hapehansen"]
[Result "0-1"]
[WhiteElo "1743"]
[BlackElo "2249"]
[TimeControl "300"]
[EndTime "0:51:24 PDT"]
[Termination "hapehansen won by checkmate"]

1. e4 c6 2. d4 d5 3. exd5 cxd5 4.
Nf3 Nc6 5. c3 Nf6 6. Bd3 Bg4 7.
O-O e6 8. h3 Bxf3 9. Qxf3 Bd6 10. Bg5 h6 11. Bxf6 Qxf6 12. Qxf6 gxf6 13. Nd2 f5 14.
Rab1 Ke7 15. b4 Rac8 16. a4 Nb8 17. c4 dxc4 18. Nxc4 Nd7 19. Rfe1 f4 20. Nxd6 Kxd6 21. Re4 Rc3 22. Bf1 f3 23. gxf3 Rxf3 24. Bg2 Rg8 25. Kf1 Ra3 26. a5 b6 27. axb6 Nxb6 28. Rh4 Rg6 29. Rc1 Nd5 30. Bxd5 exd5 31. Rc5 Ra1+ 32. Ke2 Ra2+ 33. Kd3 Rxf2 34. Rh5 Rg3# 0-1

[Event "Live Chess"]
[Site "Chess.com"]
[Date "2024.06.02"]
[Round "-"]
[White "DavrosLight"]
[Black "peteopeteo"]
[Result "0-1"]
[WhiteElo "763"]
[BlackElo "1549"]
[TimeControl "300"]
[EndTime "0:51:29 PDT"]
[Termination "peteopeteo won by resignation"]

1. e4 c6 2. d4 d5 3. exd5 cxd5 4. Bd3 Nf6 5. c3 Nc6 6. Bf4 Bg4 7. Qb3 Qb6 8. Nd2 Qxb3 9. axb3 e6 10. Ngf3 Be7 11.
O-O O-O 12. h3 Bh5 13. c4 Bb4 14. cxd5 Nxd5 15. g4 Nxf4 16. Bxh7+ Kxh7 17. gxh5 Bxd2 18. Nxd2 Nxh3+ 19. Kh2 Nf4 20. Rg1 Nxh5 21. Rg2 g6 22. Ne4 Nxd4 23. b4 Kg7 24. Rd1 Nf3+ 25. Kh1 Nf4 26. Ng3 Rh8+ 27. Rh2 Nxh2 28. Kg1 Nf3+ 0-1

[Event "Live Chess"]
[Site "Chess.com"]
[Date "2024.06.02"]
[Round "-"]
[White "McFim"]
[Black "Lukaskonstanta4"]
[Result "1-0"]
[WhiteElo "1708"]
[BlackElo "913"]
[TimeControl "300"]
[EndTime "0:52:00 PDT"]
[Termination "McFim won on time"]

1. e4 c5 2. Nf3 Nc6 3. Bb5 e6 4. Bxc6 bxc6 5. O-O d5 6. e5 Ne7 7. Re1 Nf5 8. d3 g6 9. Nc3 Bg7 10. h3 O-O 11. Na4 c4 12. d4 a5 13. Nc5 Ba6 14.
a4 c3 15. b3 Re8 16. Ba3 Nh4 17. Nxa6 Rxa6 18. Qd3 Rb6 19. Bc5 Rb7 20. Qxc3 Nxf3+ 21. Qxf3 h5 22. Qc3 Qc7 23. Bd6 Qc8 24. Qc5 Bf8 25. Bxf8 Rxf8 26. Qxa5 Qd7 27. Qc5 Ra8 28.
Rad1 Rba7 29. Rd3 Ra5 30. Qa3 Qd8 31. Rc3 1-0

[Event "Live Chess"]
[Site "Chess.com"]
[Date "2024.06.02"]
[Round "-"]
[White "juniortay"]
[Black "Dhaydon19"]
[Result "1-0"]
[WhiteElo "2397"]
[BlackElo "2638"]
[TimeControl "300"]
[EndTime "0:52:12 PDT"]
[Termination "juniortay won by resignation"]

1. e4 e6 2. Nc3 d5 3. Nf3 dxe4 4. Nxe4 Be7 5. d4 Nd7 6. Bd3 Ngf6 7. Neg5 c5 8. Nxf7 Kxf7 9. Ng5+ Kg8 10. Nxe6 Qb6 11. Qe2 Nf8 12. Ng5 Be6 13. O-O Re8 14. Nxe6 Nxe6 15.
Bc4 Kf7 16. Re1 Bd8 17. dxc5 Qc6 18. Bf4 Nd5 19. Qh5+ Kf8 20. Bd6+ Be7 21. Bxd5 1-0

[Event "Live Chess"]
[Site "Chess.com"]
[Date "2024.06.02"]
[Round "-"]
[White "RG_ChessLegend"]
[Black "MagnersCarlsberg2870"]
[Result "1-0"]
[WhiteElo "1524"]
[BlackElo "1807"]
[TimeControl "300"]
[EndTime "0:52:57 PDT"]
[Termination "RG_ChessLegend won by resignation"]

1. e4 e5 2. Nf3 Nf6 3. Nc3 Nc6 4. Bc4 Bc5 5. d3 h6 6. O-O d6 7. Be3 Bg4 8. Bxc5 dxc5 9. h3 Bh5 10. Re1 Nd4 11. g4 Bg6 12. Nxe5 Qe7 13. Nxg6 fxg6 14. e5 Nd7 15. f4 Qh4 16. Kg2 O-O-O 17. Nb5 Rdf8 18.
Nxd4 Rxf4 19. Nf3 Qf6 20. exf6 1-0

[Event "Live Chess"]
[Site "Chess.com"]
[Date "2024.06.02"]
[Round "-"]
[White "vincents82"]
[Black "f4nomore"]
[Result "1-0"]
[WhiteElo "2005"]
[BlackElo "1248"]
[TimeControl "300"]
[EndTime "0:53:40 PDT"]
[Termination "vincents82 won by resignation"]

1. e4 g6 2. d4 Bg7 3. Nc3 d6 4. Nf3 Nf6 5. Be2 O-O 6. h3 Nbd7 7.
Be3 b6 8. Qd2 Bb7 9. Bd3 c5 10.
e5 dxe5 11. dxe5 Nd5 12. Nxd5 Bxd5 13. Bf4 e6 14. Qe3 c4 15. Be4 Bxe4 16. Qxe4 Rc8 17.
c3 Nc5 18. Qe3 Nd3+ 19. Kf1 Nxb2 20. g3 Qd5 21. Kg2 Nd3 22. h4 Nxf4+ 23. Qxf4 Qd3 24. h5 Qxc3 25. Rae1 Rc5 26. Re3 Qa5 27. Qh4 c3 28. hxg6 fxg6 29. Qxh7+ Kf7 30. Ng5+ Ke7 31. Qxg7+ Ke8 32.
Rh7 Rxf2+ 33. Kxf2 Qxa2+ 34. Kf3 Qd5+ 35. Ne4 1-0

[Event "Live Chess"]
[Site "Chess.com"]
[Date "2024.06.02"]
[Round "-"]
[White "elephantgerrald"]
[Black "Duke_of_Bebington"]
[Result "1-0"]
[WhiteElo "852"]
[BlackElo "1682"]
[TimeControl "300"]
[EndTime "0:53:40 PDT"]
[Termination "elephantgerrald won by checkmate"]

1. e4 e5 2. Nf3 Nf6 3. Nxe5 d6 4. Nf3 Nxe4 5. Qe2 Qe7 6. d3 Nf6 7. Qxe7+ Bxe7 8. Nc3 O-O 9. Bg5 Bg4 10. Be2 Nbd7 11. O-O Rfe8 12. Rfe1 d5 13. Bxf6 Nxf6 14. Ne5 Bxe2 15.
Rxe2 Bd6 16. d4 c5 17. Nb5 Bb8 18. c3 a6 19. Na3 Ba7 20. dxc5 Bxc5 21. b4 Ba7 22. c4 Bd4 23. Rae1 Ne4 24. cxd5 Nxf2 25. Kf1 Bxe5 26. Kxf2 Bd4+ 27. Kf1 Rxe2 28. Rxe2 Rd8 29. Nb1 Rxd5 30. Re8# 1-0

[Event "Live Chess"]
[Site "Chess.com"]
[Date "2024.06.02"]
[Round "-"]
[White "wadsy27"]
[Black "NAZRIZ1977"]
[Result "1-0"]
[WhiteElo "2579"]
[BlackElo "2127"]
[TimeControl "300"]
[EndTime "0:53:54 PDT"]
[Termination "wadsy27 won by resignation"]

1. c4 g6 2. g3 Bg7 3. Bg2 Nf6 4. Nc3 O-O 5. Nf3 c5 6. O-O d5 7. cxd5 Nxd5 8. Nxd5 Qxd5 9. d3 Qh5 10. Be3 Nc6 11.
Rc1 b6 12. d4 Nxd4 13. Nxd4 cxd4 14. Bxd4 Bh3 15. Bxg7 Kxg7 16. Bxa8 Rxa8 17. Qd4+ e5 18. Qe4 Bxf1 19. Qxa8 Bxe2 20. Rc8 Bf3 21. Rg8+ Kh6 22. Qf8+ Kg5 23. Qxf7 Qh3 24. Qe7+ Kh6 25. Qh4+ 1-0

[Event "Live Chess"]
[Site "Chess.com"]
[Date "2024.06.02"]
[Round "-"]
[White "Crowded_House"]
[Black "athen-nohj"]
[Result "1-0"]
[WhiteElo "1670"]
[BlackElo "1401"]
[TimeControl "300"]
[EndTime "0:54:12 PDT"]
[Termination "Crowded_House won on time"]

1. d4 Nf6 2. Bg5 e6 3. e3 Be7 4. Bd3 d5 5. Nd2 c5 6. c3 c4 7. Bc2 Nc6 8. b3 b5 9. b4 a5 10. a3 a4 11. Ngf3 O-O 12. O-O Ng4 13. Bxe7 Qxe7 14.
h3 Nf6 15. Qb1 e5 16. dxe5 Nxe5 17. Nxe5 Qxe5 18. Qb2 Nh5 19. Nf3 Qf6 20. Kh2 Bf5 21. Bxf5 Qxf5 22. Qb1 Qe6 23. Qd1 Rad8 24. Qd4 Qd6+ 25.
Kh1 Rfe8 26. Rad1 Re4 27. Qd2 Qf6 28. Nd4 Qh4 29. Qe2 Rde8 30. Nf3 Qf6 31. Nd4 Rxe3 32. fxe3 Ng3+ 33. Kg1 Nxe2+ 34. Nxe2 Qh6 35. Rf3 Rxe3 36. Rxe3 Qxe3+ 37. Kf1 Qe4 38. Rd4 Qb1+ 39. Kf2 Qa2 40. Rxd5 h6 41. Rxb5 Qxa3 42. Rc5 Qb3 43. Ra5 Qa2 44.
Kf3 Qd2 45. Rxa4 Qd5+ 46. Kf2 Qd2 47. Kf3 Qd5+ 48. Kf2 Qd2 49. Kf1 Qd1+ 50. Kf2 Qxa4 51. Ke3 Qa7+ 52. Kd2 Qd7+ 53. Nd4 Qxd4+ 54. cxd4 Kf8 55.
Kc3 Ke7 56. Kxc4 Kd6 57. b5 Kc7 58. g3 Kb6 59. d5 Kc7 60. Kc5 Kb7 61. b6 1-0

[Event "Live Chess"]
[Site "Chess.com"]
[Date "2024.06.02"]
[Round "-"]
[White "Jadmis_2011"]
[Black "jimwad"]
[Result "1-0"]
[WhiteElo "1465"]
[BlackElo "1327"]
[TimeControl "300"]
[EndTime "0:55:05 PDT"]
[Termination "Jadmis_2011 won by resignation"]

1. e4 e5 2. Nf3 Nc6 3. Bc4 Bc5 4. Nc3 Nf6 5. d3 h6 6. O-O O-O 7. h3 d6 8. Re1 a6 9. Be3 b5 10. Bxc5 dxc5 11. Bd5 Nxd5 12. exd5 Nd4 13. Rxe5 Bb7 14.
Nxd4 cxd4 15. Ne2 Qf6 16. Re4 c5 17. Nf4 Rad8 18. Qh5 Qg5 19. Qxg5 hxg5 20. Ne2 Bxd5 21. Re5 f6 22. Re7 Rde8 23. Rxe8 Rxe8 24. Ng3 Kf7 25.
b3 g6 26. a4 b4 27. Kf1 a5 28. f3 f5 29. Re1 Rxe1+ 30. Kxe1 f4 31. Ne4 Bxe4 32.
fxe4 Kf6 33. Kf2 Ke5 34. Kf3 Kf6 35. Kg4 Ke6 36. Kxg5 Kf7 37. Kxf4 Kf6 38. g4 g5+ 39. Kg3 Ke5 40. h4 gxh4+ 41. Kxh4 Kf6 42. g5+ Kg6 43. Kg4 Kg7 44. Kf5 Kf7 45. g6+ Kg7 46. Kg5 Kg8 47.
Kf6 Kf8 48. g7+ Kg8 49. Ke6 Kxg7 50. Kd5 Kf6 51. Kxc5 Ke5 52. Kb5 Kd6 53. Kxa5 Kc5 54. Ka6 Kc6 55. e5 Kd5 56. Kb5 Kxe5 57. Kxb4 Kd5 58. Kb5 Kd6 59. Kb6 Kd5 60. a5 Kd6 61. a6 1-0

[Event "Live Chess"]
[Site "Chess.com"]
[Date "2024.06.02"]
[Round "-"]
[White "JanMur7"]
[Black "MaksymYurii"]
[Result "1-0"]
[WhiteElo "2254"]
[BlackElo "960"]
[TimeControl "300"]
[EndTime "0:55:08 PDT"]
[Termination "JanMur7 won by checkmate"]

1. c4 e5 2. Nc3 Nc6 3. Nf3 Bc5 4. e4 Nf6 5. Nxe5 Nxe5 6. d4 Bxd4 7. Qxd4 Nc6 8. Qd1 O-O 9. Be2 Re8 10. f3 d6 11.
O-O Nh5 12. Nd5 Be6 13. Be3 Bxd5 14. cxd5 Ne7 15. Bd4 g6 16. Rc1 c6 17. dxc6 Nxc6 18. Bf2 Nf4 19. Bc4 Ne5 20. Bg3 Nxc4 21. Rxc4 Rc8 22. Rxc8 Qxc8 23. Bxf4 Qc5+ 24. Kh1 d5 25. Qxd5 Qxd5 26. exd5 Re2 27. d6 Rxb2 28. d7 Rb4 29.
d8=Q+ Kg7 30. Be5+ Kh6 31. Qf8+ Kg5 32. Qxb4 Kf5 33.
Qf4+ Ke6 34. Qf6+ Kd5 35. Rd1+ Kc4 36. Qd6 Kb5 37. Rb1+ Kc4 38. Qd4# 1-0

[Event "Live Chess"]
[Site "Chess.com"]
[Date "2024.06.02"]
[Round "-"]
[White "MagnersCarlsberg2870"]
[Black "wadsy27"]
[Result "0-1"]
[WhiteElo "1807"]
[BlackElo "2579"]
[TimeControl "300"]
[EndTime "0:56:17 PDT"]
[Termination "wadsy27 won by resignation"]

1. d4 d5 2. e3 Nf6 3. Bd3 c6 4. Nd2 Bg4 5. f3 Bh5 6. Ne2 Bg6 7. Nf4 e6 8. Qe2 Bd6 9. Nxg6 hxg6 10.
h3 Nh5 11. O-O Ng3 12. Qf2 Nxf1 13. Nxf1 Qh4 14. Qe2 Nd7 15. e4 dxe4 16. fxe4 e5 17. Bc4 exd4 18. e5 Nxe5 19. Bd2 O-O-O 20. Bxf7 Nxf7 21. Qe6+ Rd7 22. Qf6 Qxf6 0-1

[Event "Live Chess"]
[Site "Chess.com"]
[Date "2024.06.02"]
[Round "-"]
[White "ProfPoisson"]
[Black "SimonBoy1"]
[Result "0-1"]
[WhiteElo "1335"]
[BlackElo "1530"]
[TimeControl "300"]
[EndTime "0:56:26 PDT"]
[Termination "SimonBoy1 won by resignation"]

1. e4 c5 2. Nc3 Nc6 3. f4 e6 4.
Nf3 Nge7 5. Bb5 d5 6. Bxc6+ bxc6 7. e5 Nf5 8. O-O Be7 9. b3 c4 10. bxc4 Ba6 11. d3 d4 12. Ne2 c5 13. c3 O-O 14.
cxd4 cxd4 15. Bb2 Ne3 16. Qe1 Nxf1 17. Qxf1 Qb6 18. Bxd4 Bc5 19. Rb1 Bxd4+ 20. Nexd4 Qa5 21. Nc6 Qxa2 22. Nfd4 Qd2 23. Ne7+ Kh8 24. Ndc6 Qe3+ 25. Kh1 Qc5 26. Qf3 Rae8 27. Ra1 Bb7 28. Ra5 Qb6 29.
Rb5 Qa6 30. h4 Rxe7 31. Rxb7 Rxb7 32. Qh5 Qxc6 33. Kh2 Rb2 0-1

[Event "Live Chess"]
[Site "Chess.com"]
[Date "2024.06.02"]
[Round "-"]
[White "willc-h99"]
[Black "RG_ChessLegend"]
[Result "1-0"]
[WhiteElo "2628"]
[BlackElo "1524"]
[TimeControl "300"]
[EndTime "0:56:30 PDT"]
[Termination "willc-h99 won by resignation"]

1. d4 Nf6 2. Bg5 g6 3. e3 Bg7 4. Nf3 O-O 5. Be2 d6 6. O-O Bg4 7. h3 Bxf3 8. Bxf3 c6 9. c4 Nbd7 10.
Nc3 Rc8 11. Qc2 h6 12. Bh4 d5 13. c5 b6 14. b4 b5 15. a4 bxa4 16. Rxa4 Ra8 17. Rfa1 g5 18. Bg3 a5 19. Rxa5 Ra6 20.
Rxa6 1-0

[Event "Live Chess"]
[Site "Chess.com"]
[Date "2024.06.02"]
[Round "-"]
[White "Tatarinov_Maxim"]
[Black "booktrunk"]
[Result "1-0"]
[WhiteElo "2269"]
[BlackElo "1493"]
[TimeControl "300"]
[EndTime "0:56:53 PDT"]
[Termination "Tatarinov_Maxim won by resignation"]

1. Nf3 b6 2. e4 Bb7 3. d3 e6 4. Be2 h6 5. O-O Nf6 6. Nc3 Bb4 7. Bd2 Bxc3 8. Bxc3 d6 9. a4 e5 10. b3 Nc6 11.
Re1 Qd7 12. Bf1 Ne7 13. Bb2 O-O 14. g3 c5 15. Bg2 Rab8 16. a5 Ng6 17. axb6 axb6 18.
Nd2 Bc6 19. Nc4 b5 20. Ne3 Ra8 21. Qd2 Rxa1 22. Rxa1 Ra8 23. Rxa8+ Bxa8 24. Nf5 Kh7 25. h4 Ne7 26. Ne3 Bc6 27. Bc1 Nfg8 28. Kh2 Ng6 29.
Bh3 Qe7 30. Bf5 Bd7 31. h5 Bxf5 32. Nxf5 Qg5 33. Qxg5 hxg5 34. hxg6+ fxg6 35. Ne3 Kh6 36. Nd5 Ne7 37. Nxe7 1-0

[Event "Live Chess"]
[Site "Chess.com"]
[Date "2024.06.02"]
[Round "-"]
[White "Lukaskonstanta4"]
[Black "juniortay"]
[Result "0-1"]
[WhiteElo "913"]
[BlackElo "2397"]
[TimeControl "300"]
[EndTime "0:57:25 PDT"]
[Termination "juniortay won by resignation"]

1. d4 d5 2. Nf3 c5 3. dxc5 e6 4. e3 Bxc5 5. c4 Nf6 6. Nc3 O-O 7. cxd5 exd5 8. Bd3 Nc6 9. O-O Re8 10. Nb5 Bg4 11.
h3 Bh5 12. b3 a6 13. Nc3 Qd6 14. Bb2 Rad8 15. Be2 Ba7 16. Rc1 Bb8 17. g3 Rxe3 18.
Kg2 d4 19. Na4 Rde8 0-1

[Event "Live Chess"]
[Site "Chess.com"]
[Date "2024.06.02"]
[Round "-"]
[White "NAZRIZ1977"]
[Black "elephantgerrald"]
[Result "1-0"]
[WhiteElo "2127"]
[BlackElo "852"]
[TimeControl "300"]
[EndTime "0:58:12 PDT"]
[Termination "NAZRIZ1977 won by checkmate"]

1. c4 e5 2. g3 Nf6 3. Bg2 Nc6 4. Nc3 Bc5 5. e3 O-O 6. a3 d6 7. Nge2 Bf5 8. d3 h6 9. O-O Bg4 10. h3 Bxe2 11. Qxe2 Qd7 12. Kh2 Rfd8 13. b4 Nxb4 14. axb4 Bxb4 15. Nd5 Nxd5 16. cxd5 Bc3 17. Rb1 c6 18.
dxc6 bxc6 19. Qc2 Ba5 20. Qxc6 Qxc6 21. Bxc6 Rab8 22. Ba3 Rxb1 23. Rxb1 Rc8 24. Be4 g6 25. Bxd6 f5 26. Bd5+ Kg7 27. Bxe5+ Kh7 28. Rb7+ Rc7 29. Bxc7 Kg7 30. Bxa5+ Kf6 31. Bc3+ Kg5 32. h4+ Kh5 33. Bf3# 1-0

[Event "Live Chess"]
[Site "Chess.com"]
[Date "2024.06.02"]
[Round "-"]
[White "KeithArkell"]
[Black "NottheBishopSacrifice"]
[Result "1/2-1/2"]
[WhiteElo "2409"]
[BlackElo "2309"]
[TimeControl "300"]
[EndTime "0:58:21 PDT"]
[Termination "Game drawn - insufficient material"]

1. d4 d5 2. Nf3 Nf6 3. c4 c6 4. Nc3 dxc4 5. a4 Bf5 6. Nh4 e6 7. Nxf5 exf5 8. Bg5 Bb4 9. Bxf6 Qxf6 10. e3 Nd7 11. Bxc4 O-O 12. Qb3 a5 13. O-O Rad8 14. Na2 Qd6 15. Nxb4 axb4 16. Rfd1 Nf6 17. a5 f4 18.
exf4 Qxf4 19. g3 Qd6 20. a6 bxa6 21. Rxa6 Nd5 22. Bxd5 Qxd5 23. Qxd5 cxd5 24. Rc1 Rc8 25. Rxc8 Rxc8 26. Rb6 Kf8 27. Rxb4 Rc2 28. Kg2 Ke7 29. Kf3 Ke6 30. Ke3 g6 31. g4 h5 32. h3 hxg4 33.
hxg4 g5 34. Rb6+ Ke7 35. f3 f6 36. b4 Rc3+ 37. Ke2 Rb3 38. b5 Rb4 39. Kd3 Rb3+ 40.
Kc2 Rb4 41. Kc3 Rc4+ 42. Kd3 Rb4 43. Rb8 Rb3+ 44. Kc2 Rxf3 45. Rh8 Kd7 46. Rh7+ Kc8 47. b6 Rg3 48. Rf7 Rxg4 49. Kc3 Rf4 50. Kb4 Rxd4+ 51. Kc5 Rd1 52. Kc6 Rc1+ 53. Kxd5 g4 54. Rxf6 g3 55.
Rg6 Rc3 56. Kd4 Rb3 57. Kc4 Rf3 58. Kc5 Kb7 59. Rg7+ Kb8 60. Kb5 Rb3+ 61. Kc5 Rc3+ 62. Kb4 Rf3 63. Kb5 Rb3+ 64. Kc6 Rc3+ 65. Kd5 Rd3+ 66. Kc4 Rf3 67. Kc5 Rc3+ 68. Kd4 Rb3 69. Kc4 Rxb6 70. Rxg3 Rc6+ 71. Kd5 Kb7 72. Rb3+ Kc7 73.
Rb5 Rd6+ 74. Kc4 Rc6+ 75. Rc5 Rxc5+ 76. Kxc5 1/2-1/2

[Event "Live Chess"]
[Site "Chess.com"]
[Date "2024.06.02"]
[Round "-"]
[White "JanMur7"]
[Black "jimwad"]
[Result "1-0"]
[WhiteElo "2254"]
[BlackElo "1327"]
[TimeControl "300"]
[EndTime "0:58:27 PDT"]
[Termination "JanMur7 won by resignation"]

1. c4 e5 2. Nc3 Nc6 3. Nf3 d6 4. d4 exd4 5. Nxd4 Nxd4 6. Qxd4 Nf6 7. g3 c6 8. Bg2 Be7 9. O-O O-O 10. Rd1 c5 11.
Qd3 Rb8 12. Bf4 b6 13. Bxd6 Bxd6 14. Qxd6 Qxd6 15. Rxd6 Bb7 16. Bxb7 Rxb7 17. Nd5 Nxd5 18. Rxd5 Re8 19. e3 Rbe7 20. Rad1 g6 21. Rd7 Rxd7 22. Rxd7 a6 23. Rb7 Re6 24. Ra7 a5 25. Rb7 Kg7 26.
Kg2 Kf6 27. h4 Ke5 28. Rxf7 h5 29. Rd7 Rd6 30. Rxd6 Kxd6 31. f4 Ke6 32. e4 Kf6 33. a4 Ke6 34. Kf3 Kd6 35. g4 Ke6 36. gxh5 gxh5 37.
f5+ Ke5 38. Ke3 Kf6 39. Kf4 Kf7 40. e5 Ke7 41. e6 Kf6 42. Ke4 Ke7 43. Ke5 Ke8 44.
f6 Kf8 45. Kd6 Ke8 46. e7 1-0

[Event "Live Chess"]
[Site "Chess.com"]
[Date "2024.06.02"]
[Round "-"]
[White "WelshTiger"]
[Black "Sokolik_UA"]
[Result "1-0"]
[WhiteElo "2446"]
[BlackElo "811"]
[TimeControl "300"]
[EndTime "0:58:36 PDT"]
[Termination "WelshTiger won by resignation"]

1. e4 e6 2. d4 d5 3. Nd2 c5 4. exd5 Qxd5 5. dxc5 Bxc5 6. Ngf3 Nf6 7. Bc4 Qd6 8. Qe2 O-O 9. O-O Nc6 10. c3 Bd7 11. a3 Na5 12. Ba2 b5 13. b4 Ng4 14.
bxc5 Qxc5 15. Ne4 Qxc3 16. Nxc3 1-0

[Event "Live Chess"]
[Site "Chess.com"]
[Date "2024.06.02"]
[Round "-"]
[White "MagnersCarlsberg2870"]
[Black "ProfPoisson"]
[Result "1-0"]
[WhiteElo "1808"]
[BlackElo "1334"]
[TimeControl "300"]
[EndTime "0:58:38 PDT"]
[Termination "MagnersCarlsberg2870 won by resignation"]

1. d4 e6 2. Nd2 f5 3. e4 fxe4 4.
Nxe4 Nf6 5. Bd3 b6 6. Nf3 Bb7 7. Nxf6+ Qxf6 8. Bg5 Qf7 9. Ne5 Bb4+ 10. c3 O-O 11. Nxf7 Bxc3+ 12. bxc3 Rxf7 13. Qh5 1-0

[Event "Live Chess"]
[Site "Chess.com"]
[Date "2024.06.02"]
[Round "-"]
[White "MaksymYurii"]
[Black "Jadmis_2011"]
[Result "1-0"]
[WhiteElo "975"]
[BlackElo "1450"]
[TimeControl "300"]
[EndTime "0:58:43 PDT"]
[Termination "MaksymYurii won by checkmate"]

1. e4 c6 2. Nf3 d5 3. exd5 cxd5 4. Nc3 Nf6 5. d4 Bf5 6. Bf4 e6 7. Bb5+ Nc6 8. Ne5 Qb6 9. Bg5 Ne4 10. Bxc6+ bxc6 11. Nxe4 Bxe4 12. O-O f6 13. Qh5+ Ke7 14.
Bxf6+ gxf6 15. Qf7+ Kd8 16. Qd7# 1-0

[Event "Live Chess"]
[Site "Chess.com"]
[Date "2024.06.02"]
[Round "-"]
[White "Greenbecker"]
[Black "shoomi777"]
[Result "1-0"]
[WhiteElo "1745"]
[BlackElo "1122"]
[TimeControl "300"]
[EndTime "0:58:48 PDT"]
[Termination "Greenbecker won by resignation"]

1. e4 c5 2. g3 e6 3. Bg2 g6 4. Ne2 Nc6 5. d4 cxd4 6. Nxd4 Bg7 7. Nxc6 bxc6 8. O-O Qb6 9. Nc3 Ne7 10. Qf3 O-O 11.
b3 Bb7 12. Bb2 c5 13. Na4 Qc6 14. Bxg7 Kxg7 15. Qc3+ f6 16. Qxc5 Qa6 17. Qxe7+ Rf7 18.
Qc5 Rc8 19. Qe3 Rxc2 20. Nc5 Qc6 21. Nxb7 Qxb7 22. e5 Qc7 23. exf6+ Rxf6 24. Rac1 Rxc1 25. Rxc1 Qa5 26. a4 a6 27. Qd4 d5 28. b4 Qxa4 29. Rc7+ Kh6 30. Qxf6 Qxb4 31. Qf4+ Qxf4 32. gxf4 1-0

[Event "Live Chess"]
[Site "Chess.com"]
[Date "2024.06.02"]
[Round "-"]
[White "AlanBstard10"]
[Black "Crowded_House"]
[Result "1/2-1/2"]
[WhiteElo "1198"]
[BlackElo "1663"]
[TimeControl "300"]
[EndTime "0:58:50 PDT"]
[Termination "Game drawn by agreement"]

1. b4 e6 2. Bb2 Nf6 3. a3 Be7 4. e3 O-O 5. Be2 d5 6. Nf3 Nbd7 7. O-O b6 8. c4 Bb7 9. cxd5 Nxd5 10. Nc3 Bf6 11. Nxd5 Bxd5 12. Bxf6 Nxf6 13. Rc1 Rc8 14. Ne5 Nd7 15. Nxd7 Qxd7 16. d4 Bb7 17. Bf3 Bxf3 18. Qxf3 Qa4 19. e4 a5 20. bxa5 Qxa5 21.
Qc3 Qxc3 22. Rxc3 Ra8 23. d5 exd5 24. exd5 Rfd8 25. Rxc7 Rxd5 26. Ra1 Rda5 27. Rb7 h6 28. h3 Rxa3 29. Rxa3 Rxa3 30. Rxb6 1/2-1/2

[Event "Live Chess"]
[Site "Chess.com"]
[Date "2024.06.02"]
[Round "-"]
[White "Ferrarifan27"]
[Black "silunn"]
[Result "1-0"]
[WhiteElo "2132"]
[BlackElo "2139"]
[TimeControl "300"]
[EndTime "0:58:58 PDT"]
[Termination "Ferrarifan27 won by resignation"]

1. e4 e6 2. d4 d5 3. Nc3 Nf6 4. Bg5 dxe4 5. Nxe4 Be7 6. Nxf6+ Bxf6 7. Bxf6 Qxf6 8.
Nf3 Nd7 9. Bb5 O-O 10. O-O c6 11. Bd3 e5 12. dxe5 Nxe5 13. Nxe5 Qxe5 14. Re1 Qxb2 15.
Qh5 g6 16. Qh6 Qg7 17. Qh4 Be6 18. Rab1 b6 19. a4 Rfd8 20. a5 Rab8 21. axb6 axb6 22. Rxb6 Qc3 23. Rbb1 Rxb1 24. Rxb1 Qa5 25. h3 Re8 26. Qb4 Qxb4 27. Rxb4 Bd5 28. Kf1 c5 29. Rb5 Rc8 30.
c4 Bc6 31. Ra5 Kf8 32. f3 Bb7 33. Ra7 Rb8 34. Ra5 Rc8 35. Rb5 Ba8 36. Kf2 Ke7 37. Ke3 Kd6 38. Rb6+ Rc6 39. Rb8 Ra6 40. Rf8 Ke7 41.
Rh8 h5 42. g4 hxg4 43. hxg4 Ra3 44. Rc8 Kd7 45. Rxc5 Bxf3 46. Kxf3 Rxd3+ 47. Ke4 Rd1 48. Rd5+ Ke6 49. Rxd1 1-0

[Event "Live Chess"]
[Site "Chess.com"]
[Date "2024.06.02"]
[Round "-"]
[White "DavrosLight"]
[Black "matt1979"]
[Result "0-1"]
[WhiteElo "763"]
[BlackElo "1396"]
[TimeControl "300"]
[EndTime "0:59:17 PDT"]
[Termination "matt1979 won by checkmate"]

1. e4 d6 2. Nc3 Nf6 3. Nf3 e5 4. Bc4 Be7 5. O-O O-O 6. Qe2 Bg4 7. h3 Bh5 8. g4 Bg6 9. Kh2 c6 10. d3 Qc7 11. Rg1 Nbd7 12. h4 h6 13. h5 Bh7 14. g5 hxg5 15. Nxg5 Qd8 16. Ne6 fxe6 17. Bxe6+ Kh8 18. Bh6 Rg8 19. Rg4 Nxg4+ 20. Qxg4 Nf6 21. Qg2 Nxh5 22. Bxg8 Qxg8 23. Rg1 Bf6 24. Qg4 Nf4 25. Bxf4 exf4 26. Qxf4 Be5 27. Qxe5 dxe5 28. Ne2 Qf7 29. d4 Qxf2+ 30. Rg2 Qh4+ 31. Kg1 Rf8 32. dxe5 Qe1+ 33. Kh2 Rf1 34. Rg1 Qxe2+ 35. Rg2 Qh5+ 36. Kg3 Rf3# 0-1

[Event "Live Chess"]
[Site "Chess.com"]
[Date "2024.06.02"]
[Round "-"]
[White "Greenbecker"]
[Black "MagnersCarlsberg2870"]
[Result "0-1"]
[WhiteElo "1731"]
[BlackElo "1815"]
[TimeControl "300"]
[EndTime "1:00:34 PDT"]
[Termination "MagnersCarlsberg2870 won by resignation"]

1. e4 e5 2. Nf3 Nf6 3. Nxe5 Nc6 4.
Nxc6 dxc6 5. Nc3 Bc5 6. Bc4 Bxf2+ 7. Kf1 Bh4 8. Bxf7+ Kxf7 9. Qh5+ Nxh5 10. g3 Qf6+ 11. Kg2 Nf4+ 12. gxf4 Qxf4 13. Rf1 Bh3+ 0-1

[Event "Live Chess"]
[Site "Chess.com"]
[Date "2024.06.02"]
[Round "-"]
[White "hapehansen"]
[Black "peteopeteo"]
[Result "1-0"]
[WhiteElo "2249"]
[BlackElo "1549"]
[TimeControl "300"]
[EndTime "1:00:50 PDT"]
[Termination "hapehansen won by resignation"]

1. d4 d5 2. c4 c6 3. cxd5 cxd5 4. Nc3 Nf6 5. Bf4 Bf5 6. e3 Nc6 7. Bb5 a6 8. Bxc6+ bxc6 9. Nf3 e6 10. Rc1 Bb4 11. O-O O-O 12. a3 Bxc3 13. Rxc3 Rc8 14. Qa4 Qb6 15. b4 Ne4 16. Rcc1 Qb5 17. Qd1 a5 18.
bxa5 Qxa5 19. Ne5 c5 20. f3 Nf6 21. g4 Bg6 22. g5 Nh5 23. Nd7 Nxf4 24. exf4 Qxa3 25.
Nxf8 Kxf8 26. dxc5 Qe3+ 27. Kh1 Qxf4 28. c6 Bh5 29.
Qd3 Bg6 30. Qa3+ Kg8 31. Qe7 Qc7 32. Qxc7 Rxc7 33. Rc5 Kf8 34. Kg2 Ke7 35. Rfc1 Kd6 36. Kf2 f5 37. f4 h6 38. h4 hxg5 39. hxg5 e5 40. Ke3 Bh5 41. fxe5+ Kxe5 42. Ra5 Kd6 43.
Kd4 Rxc6 44. Rxd5+ Kc7 45. Rxc6+ Kxc6 46. Rxf5 g6 47. Re5 Kd6 48. Re1 Kc6 49. Ke5 Kd7 50. Kf6 Kd6 51. Re7 Kd5 52. Rg7 Kd6 53. Rxg6 Bxg6 54.
Kxg6 Ke7 55. Kh7 Kf8 56. g6 1-0